 Dungeon Crawl Stone Soup version 0.30.0-5-g1a98f26d00 (webtiles) character file.

Game seed: 13744775876050220183

69 SnakkuSnakku7 the Trooper (level 4, 0/28 HPs)
             Began as a Tengu Enchanter on May 9, 2023.
             Slain by an adder (1 damage)
             ... on level 3 of the Dungeon.
             The game lasted 00:02:40 (2140 turns).

SnakkuSnakku7 the Trooper (Tengu Enchanter)         Turns: 2140, Time: 00:02:40

Health: 0/28       AC:  2    Str:  8    XL:     4   Next: 20%
Magic:  8/8        EV: 12    Int: 16    God:
Gold:   108        SH:  0    Dex: 16    Spells: 7/7 levels left

rFire   . . .        a - +0 sling
rCold   . . .        (no shield)
rNeg    . . .        b - +0 robe
rPois   .            (helmet restricted)
rElec   .            (no cloak)
rCorr   .            (no gloves)
SInv    .            (boots unavailable)
Will    .....        (no amulet)
Stlth   ++           (no ring)
HPRegen 0.24/turn    (no ring)
MPRegen 0.11/turn

%: no passive effects
@: no status effects
A: beak, talons 3
a: no special abilities


You were on level 3 of the Dungeon.
You visited 1 branch of the dungeon, and saw 3 of its levels.

You collected 108 gold pieces.

Inventory:

Hand Weapons
 a - a +0 sling (weapon)
 p - a +1 dagger
Missiles
 o - 2 poisoned darts
Armour
 b - a +0 robe (worn)
Scrolls
 h - a scroll of magic mapping {unknown}
 i - 2 scrolls of identify {unknown}
 j - a scroll of immolation {unknown}
 m - 2 scrolls of teleportation {unknown}
 n - a scroll of poison {unknown}
Potions
 c - 2 potions of invisibility
 d - a potion of curing {unknown}
 e - 2 potions of magic
 f - 2 potions of cancellation
 g - a potion of attraction {unknown}
 k - a potion of haste {unknown}
 l - a potion of flight {unknown}


   Skills:
 - Level 3.3 Fighting
 - Level 1.1 Short Blades
 + Level 1.3 Ranged Weapons
 - Level 2.1 Dodging
 - Level 3.0 Stealth
 - Level 2.0 Spellcasting
 - Level 2.1 Hexes


You had 7 spell levels left.
You didn't know any spells.
Your spell library contained the following spells:

 Spells                   Type           Power      Damage    Failure   Level
 Ensorcelled Hibernation  Hex/Ice        10%        N/A       21%         2
 Confusing Touch          Hex            8%         N/A       26%         3
 Tukima's Dance           Hex            8%         N/A       26%         3
 Poisonous Vapours        Pois/Air       2%         N/A       30%         2
 Dazzling Flash           Conj/Hex       10%        N/A       36%         3
 Ignite Poison            Fire/Tmut/Pois 1%         N/A       52%         3
 Mephitic Cloud           Conj/Pois/Air  1%         N/A       52%         3
 Sticky Flame             Conj/Fire      1%         2d3       90%         4
 Freezing Cloud           Conj/Ice/Air   0%         6-21      99%         5
 Ignition                 Fire           0%         3d3       100%        8


Dungeon Overview and Level Annotations

Branches:
Dungeon (3/15)

Altars:

Shops:
D:1 [


Innate Abilities, Weirdness & Mutations

You have a beak for a mouth.
You have claws for feet.


Message History

The adder is heavily wounded.
You feel sick. The adder misses you. x2
Fire: a) +0 sling
Press: ? - help, Q - select action, (/) - cycle Shift-Dir - straight line, f/p - adder
Aim: an adder (heavily wounded, 38% to hit)
You shoot a sling bullet. The sling bullet hits the adder.
The adder is heavily wounded.
You feel sick. The adder closely misses you. The adder misses you.
Fire: a) +0 sling
Press: ? - help, Q - select action, (/) - cycle Shift-Dir - straight line, f/p - adder
Aim: an adder (heavily wounded, 38% to hit)
You shoot a sling bullet.
The sling bullet closely misses the adder.
You feel sick. The adder barely misses you.
Fire: a) +0 sling
Press: ? - help, Q - select action, (/) - cycle Shift-Dir - straight line, f/p - adder
Aim: an adder (heavily wounded, 38% to hit)
You shoot a sling bullet.
The sling bullet closely misses the adder.
You feel sick. The adder barely misses you. The adder misses you.
Fire: a) +0 sling
Press: ? - help, Q - select action, (/) - cycle Shift-Dir - straight line, f/p - adder
Aim: an adder (heavily wounded, 38% to hit)
You shoot a sling bullet.
The sling bullet completely misses the adder.
You feel sick.
You are no longer poisoned.
The adder bites you.
* * * LOW HITPOINT WARNING * * *
The adder bites you.
* * * LOW HITPOINT WARNING * * *
Fire: a) +0 sling
Press: ? - help, Q - select action, (/) - cycle Shift-Dir - straight line, f/p - adder
Aim: an adder (heavily wounded, 38% to hit)
Okay, then.
It was a potion of magic.
Magic courses through your body. The adder closely misses you.
It was a potion of cancellation.
You feel magically purged. The adder bites you.
You die...

#...?..#..
#..>...#.###### #
#......#......# #
.....#......# # ######
....#......# # #....#
#+#..#......#
###....###.#..#......###
'...............@S.....>
###....###.#####.!...##.
# #....# #... ......# #
#....# #######.....# #
###### #.....# # #######


You could see an adder.

Vanquished Creatures
  A gnoll (D:1)
  2 adders
  A dart slug (D:1)
  3 ball pythons
  3 giant cockroaches (D:1)
  3 hobgoblins
  2 jackals (D:2)
  3 quokkas
  2 bats
  3 frilled lizards
  6 goblins
  6 kobolds
  2 rats (D:1)
37 creatures vanquished.

Notes
Turn   | Place    | Note
-------+----------+-------------------------------------------
     0 | D:1      | SnakkuSnakku7 the Tengu Enchanter began the quest for the
                  | Orb.
     0 | D:1      | Reached XP level 1. HP: 10/10 MP: 4/4
    25 | D:1      | Reached skill level 1 in Fighting
    80 | D:1      | Reached XP level 2. HP: 16/16 MP: 6/6
   671 | D:2      | Reached XP level 3. HP: 22/22 MP: 7/7
  1170 | D:1      | Found a faded altar of an unknown god.
  1429 | D:1      | Found Ilyng's Antique Armour Shop.
  1846 | D:3      | Reached XP level 4. HP: 28/28 MP: 8/8
  1913 | D:3      | Reached skill level 1 in Ranged Weapons
  2138 | D:3      | HP: 1/28 [adder (2)]
  2140 | D:3      | Slain by an adder

Illustrated notes

Levels and vault maps discovered:
D:1:      nicolae_arrival_memento_mori, layout_loops_ring, serial_shops,
          nicolae_shop_trees, hellmonk_ecumenical_altar_leap_of_faith
D:2:      layout_basic
D:3:      layout_basic, lemuel_crystal_altar, general_overflow_altar,
          serial_shops, nicolae_shop_advertising_works
          [nicolae_subvault_shop_adworks]

Skill      XL: |  1  2  3  4 |
---------------+-------------+-----
Fighting       | 1 2 3 |  3.3
Ranged Weapons | 1 |  1.3
Short Blades   | |  1.1
Dodging        | |  2.1
Stealth        | |  3.0
Spellcasting   | |  2.0
Hexes          | |  2.1

Action                     |  1- 3 |  4- 6 || total
---------------------------+-------+-------++-------
  Melee: Dagger            |    69 |       ||    69
         Kick              |    15 |       ||    15
         Peck              |    14 |       ||    14
         Punch             |     1 |       ||     1
   Fire: Sling             |    12 |    47 ||    59
    Use: Potion            |       |     2 ||     2
   Stab: Sleeping          |     4 |       ||     4
 Armour: Robe              |     9 |     2 ||    11
  Dodge: Dodged            |    37 |    26 ||    63
